 Dungeon Crawl Stone Soup version 0.22.1-1-ga44c0e5 (webtiles) character file.

631 Kalelzar the Ruffian (level 7, -11/53 HPs)
             Began as a Pale Draconian Transmuter on Oct 23, 2018.
             Was an Initiate of Sif Muna.
             Shot with an arrow by a centaur (13 damage)
             ... on level 5 of the Dungeon on Oct 25, 2018.
             The game lasted 00:25:43 (7815 turns).

Kalelzar the Ruffian (Pale Draconian Transmuter)    Turns: 7815, Time: 00:25:44

Health: -11/53     AC: 10    Str: 13    XL:     7   Next: 24%
Magic:  12/12      EV: 28    Int: 19    God:    Sif Muna [......]
Gold:   118        SH:  0    Dex: 11    Spells: 9/13 levels left

rFire    . . .     SeeInvis .   c - +2 spear
rCold    . . .     Gourm    .   (no shield)
rNeg     . . .     Faith    .   (armour unavailable)
rPois    .         Spirit   .   (helmet restricted)
rElec    .         Reflect  .   (no cloak)
rCorr    .         Harm     .   s - +0 pair of gloves
MR       +....                  h - +2 pair of boots {Fly}
Stlth    +.........             n - amulet of the acrobat
HPRegen  0.17/turn              i - +4 ring of intelligence
MPRegen  0.13/turn              k - ring of protection from magic

@: flying, starving
A: breathe steam, unfitting armour, cold-blooded, AC +6
a: Breathe Steam, Renounce Religion, Stop Flying


You were on level 5 of the Dungeon.
You worshipped Sif Muna.
Sif Muna was noncommittal.
You were starving.

You visited 1 branch of the dungeon, and saw 5 of its levels.

You collected 270 gold pieces.
You spent 152 gold pieces at shops.

Inventory:

Hand Weapons
 c - a +2 spear (weapon)
Missiles
 a - 36 arrows (quivered)
Armour
 h - a +2 pair of boots of flying (worn)
 o - a +1 robe of magic resistance
 s - a +0 pair of gloves (worn)
Jewellery
 f - an uncursed amulet of guardian spirit
 i - a +4 ring of intelligence (left hand)
 j - an uncursed amulet of harm
 k - a ring of protection from magic (right hand)
 n - an amulet of the acrobat (around neck)
 p - an uncursed ring of poison resistance
 w - an uncursed ring of positive energy {unknown}
Wands
 e - a wand of enslavement (5)
 l - a wand of clouds (5)
 u - a wand of random effects (30)
 v - a wand of digging (9)
Scrolls
 d - a scroll of teleportation
 m - a scroll of blinking {unknown}
 q - a scroll of amnesia
 r - a scroll of magic mapping
 t - 2 scrolls of remove curse
Potions
 b - 2 potions of agility
Comestibles
 g - 3 rations


   Skills:
 + Level 1.7 Fighting
 + Level 1.0 Polearms
 + Level 2.8 Dodging
 + Level 0.5 Stealth
 * Level 5.5 Unarmed Combat
 * Level 3.6 Spellcasting
 * Level 4.1 Transmutations
 + Level 1.3 Poison Magic


You had 9 spell levels left.
You knew the following spells:

 Your Spells              Type           Power        Failure   Level  Hunger
a - Beastly Appendage     Tmut           ###...       2%          1    None
b - Spider Form           Tmut/Pois      ##........   14%         3    ###....

Your spell library contained the following spells:

 Spells                   Type           Power        Failure   Level  Hunger
 Sticks to Snakes         Tmut           ###.....     3%          2    ##.....
 Ice Form                 Ice/Tmut       ##......     52%         4    ####...
 Blade Hands              Tmut           ###.......   56%         5    ######.


Dungeon Overview and Level Annotations

Branches:
Dungeon (5/15)             Temple (0/1) D:4

Altars:
Dithmenos
Hepliaklqana
Sif Muna
Vehumet
Yredelemnul

Shops:
D:4 [


Innate Abilities, Weirdness & Mutations

You can breathe blasts of scalding, opaque steam.
Your pale cyan-grey scales are hard. (AC +6)
You cannot fit into any form of body armour.
You are cold-blooded and may be slowed by cold attacks.


Message History

You fly up into the air.
The gnoll barely misses you. The gnoll hits you but does no damage.
The worm bites you but does no damage.
Okay, then.
As you read the scroll of teleportation, it crumbles to dust.
You feel strangely unstable.
You kill the gnoll!
Sif Muna accepts your kill. The gnoll hits you but does no damage.
The gnoll misses you. The gnoll barely misses you.
Your surroundings suddenly seem different.
A centaur comes into view.
The centaur shouts!
You hear a shout!
The centaur picks up a scroll of magic mapping.
An adder comes into view.
A giant cockroach comes into view.
An orc comes into view. x2
Found 15 stones, a scroll of teleportation and 5 gold pieces.
The centaur wields a shortbow.
The centaur shoots an arrow.
The arrow misses you.
The centaur shoots an arrow.
The arrow hits you!
You die...

####
#(..########.
#...@....o...
#............
#............
#..........##
.......?s.$.#
.........cS..#
.....o#.......#
......#.......#


You could see a centaur, an adder (wandering), 2 orcs and a giant cockroach
(wandering).

Vanquished Creatures
  Edmund (D:4)
  A scorpion (D:4)
  4 orc priests
  A centaur skeleton (D:4)
  2 orc wizards (D:3)
  Ijyb (D:3)
  A worker ant (D:4)
  3 gnolls (D:5)
  3 adders
  3 oozes
  2 worms (D:2)
  A dart slug (D:1)
  3 leopard geckos
  16 orcs
  13 giant cockroaches
  12 goblins
  9 hobgoblins
  12 jackals
  3 ball pythons
  5 bats
  7 frilled lizards (D:1)
  9 kobolds
  8 rats
120 creatures vanquished.

Notes
Turn   | Place    | Note
-------+----------+-------------------------------------------
     0 | D:1      | Kalelzar the Draconian Transmuter began the quest for the
                  | Orb.
     0 | D:1      | Reached XP level 1. HP: 16/16 MP: 3/3
   147 | D:1      | Reached XP level 2. HP: 22/23 MP: 3/5
   754 | D:1      | Reached XP level 3. HP: 8/28 MP: 4/6
  1503 | D:1      | Learned a level 3 spell: Spider Form
  1857 | D:1      | Reached skill level 4 in Unarmed Combat
  2557 | D:2      | Reached XP level 4. HP: 35/35 MP: 5/7
  2926 | D:2      | Found a deep blue altar of Sif Muna.
  2939 | D:2      | Became a worshipper of Sif Muna the Loreminder
  4173 | D:2      | Reached XP level 5. HP: 35/40 MP: 4/9
  4696 | D:3      | Noticed Ijyb
  4715 | D:3      | Killed Ijyb
  5078 | D:3      | Found a basalt altar of Yredelemnul.
  5090 | D:3      | Found a hazy altar of Hepliaklqana.
  5101 | D:3      | Found a shadowy altar of Dithmenos.
  5334 | D:3      | Found a radiant altar of Vehumet.
  5513 | D:3      | Reached skill level 1 in Poison Magic
  5513 | D:3      | Reached XP level 6. HP: 18/47 MP: 2/10
  6264 | D:4      | Found Nyitet's Armour Emporium.
  6278 | D:4      | Bought a +1 robe of magic resistance for 152 gold pieces
  6458 | D:4      | Reached skill level 5 in Unarmed Combat
  6613 | D:4      | Noticed Edmund
  6633 | D:4      | Killed Edmund
  6633 | D:4      | Your scales start taking on a pale cyan-grey colour.
  6633 | D:4      | Reached XP level 7. HP: 37/53 MP: 9/12
  7366 | D:4      | Found a staircase to the Ecumenical Temple.
  7737 | D:5      | Entered Level 5 of the Dungeon
  7747 | D:5      | Reached skill level 1 in Polearms
  7808 | D:5      | HP: 1/53 [gnoll/spear (3)]
  7815 | D:5      | Shot with an arrow by a centaur

Skill      XL: |  1  2  3  4  5  6  7 |
---------------+----------------------+-----
Unarmed Combat | 4 5 |  5.5
Transmutations | 3 4 |  4.1
Dodging        | 2 |  2.8
Spellcasting   | 3 |  3.6
Poison Magic   | 1 |  1.3
Polearms       | 1 |  1.0
Fighting       | |  1.7
Stealth        | |  0.5

Action                   |  1- 3 |  4- 6 |  7- 9 || total
-------------------------+-------+-------+-------++-------
Melee: Unarmed           |   136 |   132 |    16 ||   284
       Kick              |     6 |       |       ||     6
       Tailslap          |    15 |     5 |     2 ||    22
       Headbutt          |     2 |     3 |     3 ||     8
       Punch             |     1 |     2 |       ||     3
       Spear             |       |   110 |    15 ||   125
 Cast: Beastly Appendage |    25 |     7 |       ||    32
       Spider Form       |     1 |    25 |     3 ||    29
  Use: Scroll            |     3 |     9 |     1 ||    13
       Potion            |     2 |     2 |       ||     4
  Eat: Ration            |     2 |     3 |       ||     5
       Chunk             |     2 |     5 |       ||     7
Armor: Skin              |    47 |   104 |     9 ||   160
Dodge: Dodged            |   124 |   375 |    63 ||   562
